 Dungeon Crawl Stone Soup version 0.21-a0-122-g43b3ea6 (webtiles) character file.

104 grindst0ne the Sneak (level 4, 0/21 HPs)
             Began as a Spriggan Enchanter on July 13, 2017.
             Killed from afar by Robin (9 damage)
             ... with a wand of flame (?/48)
             ... on level 2 of the Dungeon.
             The game lasted 00:11:19 (2751 turns).

grindst0ne the Sneak (Spriggan Enchanter)           Turns: 2751, Time: 00:11:20

Health: 0/21       AC:  2    Str:  4    XL:     4   Next: 52%
Magic:  7/9        EV: 18    Int: 16    God:
Gold:   158        SH:  0    Dex: 17    Spells: 2/8 levels left

rFire    . . .     SeeInvis +   a - +1 dagger
rCold    . . .     Gourm    .   (shield restricted)
rNeg     . . .     Faith    .   b - +0 robe
rPois    .         Spirit   .   (helmet restricted)
rElec    .         Reflect  .   (no cloak)
rCorr    .         Harm     .   (gloves unavailable)
MR       .....                  (boots unavailable)
Stlth    ++++......             (no amulet)
HPRegen  0.07/turn              (no ring)
MPRegen  0.11/turn              (no ring)

@: very quick
A: unfitting armour, see invisible, herbivore 3, speed 3, slow metabolism 2
a: no special abilities


You were on level 2 of the Dungeon.
You were not hungry.

You visited 1 branch of the dungeon, and saw 2 of its levels.

You collected 158 gold pieces.

Inventory:

Hand Weapons
 a - a +1 dagger (weapon)
Armour
 b - a +0 robe (worn)
Jewellery
 p - an uncursed amulet of harm {unknown}
Scrolls
 e - 2 scrolls of fear {unknown}
 f - 4 scrolls of identify {unknown}
 g - 2 scrolls of remove curse {unknown}
 j - a scroll of enchant armour {unknown}
 k - a scroll of amnesia {unknown}
 q - a scroll of noise {unknown}
Potions
 h - a potion of brilliance {unknown}
 i - a potion of cancellation {unknown}
 l - 2 potions of heal wounds {unknown}
 m - a potion of agility {unknown}
 n - a potion of curing {unknown}
Books
 c - a book of Maledictions

   Spells                             Type                      Level
   a - Corona                         Hexes                        1
   b - Ensorcelled Hibernation        Hexes/Ice                    2
   c - Confuse                        Hexes                        3
   d - Tukima's Dance                 Hexes                        3
   e - Dazzling Spray                 Conjuration/Hexes            3
Comestibles
 d - 2 bread rations
 o - a royal jelly


   Skills:
 - Level 1.1 Short Blades
 - Level 3.0 Dodging
 + Level 6.7 Stealth
 - Level 2.6 Spellcasting
 + Level 5.1 Hexes


You had 2 spell levels left.
You knew the following spells:

 Your Spells              Type           Power        Failure   Level  Hunger
a - Corona                Hex            ###....      2%          1    #......
b - Confuse               Hex            ###.....     7%          3    ###....
z - Ensorcelled Hibernat  Hex/Ice        ##....       10%         2    ##.....


Dungeon Overview and Level Annotations

Branches:
Dungeon (2/15)

Altars:
Nemelex Xobeh

Annotations:
D:2 Robin


Innate Abilities, Weirdness & Mutations

You are very small and have problems with some larger weapons.
You are too small for most types of armour.
You have supernaturally acute eyesight. (SInv)
You are a herbivore.
You cover ground extremely quickly.
You need consume almost no food.


Message History

You start resting.
Magic restored.
A goblin is nearby!
A goblin is nearby!
The goblin shouts!
Robin shouts!
Casting: Ensorcelled Hibernation
Confirm with . or Enter, or press ? or * to list all spells.
Aiming: Ensorcelled Hibernation
Press: ? - help, Shift-Dir - straight line, f - goblin
Aim: a goblin (chance to defeat MR: 59%)
The goblin looks drowsy...
The helpless goblin fails to defend itself.
You impale the goblin!!
You kill the goblin!
The goblin shouts!
Robin hits you with a club!
You see here a goblin corpse.
You hit Robin but do no damage.
Robin zaps a wand.
The puff of flame hits you!
You die...

...# #.##..##g..... #..#
##....###...... #..#
#######...#.......... #..##
######...........####...##
#...####.÷))..#.......####.....#
#.....#..######.......# #.#.#.##
†.......#######......##
##....... ....#(.......##......#
##..#.#...
...####..###.##.@....#
#......... ####
#.........g....###.........
#....##........##..........
#.#...#...g....##.#........
#...#...)....####.##.......
###†##....##......#####.##.
####......g#####..## #....
#####..r........####..# ##..##
#......####..÷.......## #...#


You could see Robin, a hobgoblin and a goblin.

Vanquished Creatures
  A gnoll (D:1)
  An adder (D:2)
  An ooze (D:2)
  A worm (D:2)
  A dart slug (D:1)
  4 leopard geckos
  6 bats
  4 giant cockroaches
  10 goblins
  12 hobgoblins
  7 jackals
  3 ball pythons
  3 frilled lizards
  5 kobolds
  5 rats
64 creatures vanquished.

Notes
Turn   | Place    | Note
-------+----------+-------------------------------------------
     0 | D:1      | grindst0ne the Spriggan Enchanter began the quest for the Orb.
     0 | D:1      | Reached XP level 1. HP: 9/9 MP: 5/5
   105 | D:1      | Found a sparkling altar of Nemelex Xobeh.
   229 | D:1      | Reached XP level 2. HP: 13/13 MP: 6/6
   236 | D:1      | Learned a level 2 spell: Ensorcelled Hibernation
   313 | D:1      | Reached skill level 5 in Stealth
   701 | D:1      | Reached XP level 3. HP: 16/16 MP: 8/8
  1454 | D:2      | Reached skill level 6 in Stealth
  1593 | D:1      | Learned a level 3 spell: Confuse
  1640 | D:2      | Reached XP level 4. HP: 16/21 MP: 4/9
  2230 | D:2      | Reached skill level 5 in Hexes
  2390 | D:2      | Noticed Robin
  2751 | D:2      | Killed from afar by Robin

Vault maps used:
D:1:      lightli_arrival_farm, nemelex_xobeh_ov_fountains_minmay
D:2:      serial_glass, glass_columns_a, glass_columns_a,
          minmay_strange_pillars, feat_on_display, due_unseen_surprise,
          uniq_robin

Skill      XL: |  1  2  3  4 |
---------------+-------------+-----
Hexes          | 4 5 |  5.1
Stealth        | 5 6 |  6.7
Short Blades   | |  1.1
Dodging        | |  3.0
Spellcasting   | |  2.6

Action                   |  1- 3 |  4- 6 || total
-------------------------+-------+-------++-------
Melee: Dagger            |   114 |    76 ||   190
 Cast: Corona            |     6 |       ||     6
       Ensorcelled Hiber |    37 |    28 ||    65
 Stab: Sleeping          |    26 |    14 ||    40
       Distracted        |     1 |     1 ||     2
  Eat: Bread ration      |       |     1 ||     1
Armor: Robe              |    18 |    10 ||    28
Dodge: Dodged            |   160 |   116 ||   276
